 Dungeon Crawl Stone Soup version 0.27-a0-1144-g0b7d3b79db (webtiles) character file.

Game seed: 10375215231315568638

340 Azzok the Shield-Bearer (level 6, -21/49 HPs)
             Began as a Formicid Fighter on May 10, 2021.
             Demolished by an ogre
             ... wielding a +0 giant club
              (24 damage)
             ... on level 5 of the Dungeon.
             The game lasted 00:03:56 (4186 turns).

Azzok the Shield-Bearer (Formicid Fighter)          Turns: 4186, Time: 00:03:57

Health: -21/49     AC: 12    Str: 22    XL:     6   Next: 87%
Magic:  6/6        EV:  6    Int:  8    God:
Gold:   125        SH:  5    Dex: 10    Spells: 5/5 levels left

rFire    . . .     SeeInvis +   a - +0 war axe
rCold    . . .     Faith    .   h - +0 buckler
rNeg     . . .     Spirit   .   g - +0 plate armour
rPois    .         Reflect  .   (helmet unavailable)
rElec    .         Harm     .   (no cloak)
rCorr    .         Rampage  .   (no gloves)
Will     .....                  (no boots)
Stlth    ..........             (no amulet)
HPRegen  0.16/turn              (no ring)
MPRegen  0.10/turn              (no ring)

@: no status effects
A: permanent stasis, dig shafts and tunnels, antennae 3, four strong arms
a: Dig, Shaft Self


You were on level 5 of the Dungeon.
You visited 1 branch of the dungeon, and saw 5 of its levels.

You collected 125 gold pieces.

Inventory:

Hand Weapons
 a - a +0 war axe (weapon)
Armour
 c - a +0 kite shield
 g - a +0 plate armour (worn)
 h - a +0 buckler (worn)
Jewellery
 l - a ring of ice
Wands
 k - a wand of paralysis (6)
 p - a wand of flame (14)
Scrolls
 i - a scroll of holy word {unknown}
 j - 2 scrolls of teleportation {unknown}
 m - a scroll of acquirement {unknown}
 q - a scroll of fear
 r - a scroll of enchant weapon {unknown}
Potions
 b - 3 potions of flight {unknown}
 d - 2 potions of might
 e - 4 potions of curing {unknown}
 f - a potion of berserk rage {unknown}
 n - a potion of mutation {unknown}
 o - a potion of cancellation {unknown}


   Skills:
 + Level 4.6 Fighting
 * Level 4.5 Axes
 + Level 4.5 Armour
 + Level 4.9 Shields


You had 5 spell levels left.
You didn't know any spells.
Your spell library contained the following spells:

 Spells                   Type           Power      Damage    Failure   Level
 Beastly Appendage        Tmut           0%         N/A       100%        1
 Corona                   Hex            0%         N/A       100%        1
 Ensorcelled Hibernation  Hex/Ice        0%         N/A       100%        2
 Wereblood                Tmut           0%         N/A       100%        2
 Confusing Touch          Hex            0%         N/A       100%        3
 Dazzling Flash           Conj/Hex       0%         N/A       100%        3
 Spider Form              Tmut/Pois      0%         N/A       100%        3
 Tukima's Dance           Hex            0%         N/A       100%        3
 Ice Form                 Ice/Tmut       0%         N/A       100%        4
 Hydra Form               Tmut           0%         N/A       100%        5


Dungeon Overview and Level Annotations

Branches:
Dungeon (5/15)
 Temple: D:4-7

Altars:
Cheibriados
Elyvilon
Gozag
Makhleb
Sif Muna
Trog
Vehumet
Zin

Annotations:
D:4 exclusion: statue


Innate Abilities, Weirdness & Mutations

You cannot be hasted, slowed, berserked, paralysed or teleported.
You can dig through walls and to a lower floor.
You have a pair of large antennae on your head. (SInv)
Your four strong arms can wield two-handed weapons with a shield.


Message History

You slash the jackal!
You kill the jackal!
No target in view!
No target in view!
No target in view!
No target in view!
No target in view!
No target in view!
No target in view!
No target in view!
No target in view!
No target in view!
No target in view!
No target in view!
Things that are here:
a jackal corpse; a jackal corpse An ogre comes into view.
It is wielding a +0 giant club.
The ogre shouts!
An ogre is nearby!
You see here a scroll labelled RAFE UHAXY.
j - 2 scrolls labelled RAFE UHAXY (gained 1)
The ogre barely misses you.
You barely miss the ogre. The ogre hits you with a +0 giant club!
You slash the ogre!
The ogre is moderately wounded.
The ogre barely misses you.
You hit the ogre.
The ogre is moderately wounded.
You barely miss the ogre.
The ogre is moderately wounded.
The ogre hits you with a +0 giant club!!
* * * LOW HITPOINT WARNING * * *
You hit the ogre.
The ogre is moderately wounded.
The ogre hits you with a +0 giant club!
* * * LOW HITPOINT WARNING * * *
You hit the ogre.
The ogre is heavily wounded.
The ogre hits you with a +0 giant club!!
You die...

· ···· ▒······▒·▒▒▒▒·· ·
···▒▒▒·············▒▒·
▒▒▒······················
····················▒···
····················▒·▒
·····················▒
···············O····▒▒▒
················@·····▒▒▒
························▒
)···>········▒·······▒···
▒·▒▒·········▒▒▒···†·▒▒
▒·▒···········▒▒▒▒▒▒··▒
·············▒▒ ▒·†▒
················· ·····
▒▒··▒·▒··················▒
▒·▒▒▒▒·················▒▒


You could see an ogre.

Vanquished Creatures
  A black bear (D:4)
  A hound (D:4)
  An orc wizard (D:3)
  Ijyb (D:3)
  A howler monkey skeleton (D:4)
  5 adders
  2 adder skeletons (D:4)
  3 worms
  3 orcs (D:3)
  10 ball pythons
  2 bats
  9 endoplasms
  3 giant cockroaches
  10 goblins
  8 hobgoblins
  13 jackals
  5 kobolds
  5 quokkas
  8 rats
91 creatures vanquished.

Notes
Turn   | Place    | Note
-------+----------+-------------------------------------------
     0 | D:1      | Azzok the Formicid Fighter began the quest for the Orb.
     0 | D:1      | Reached XP level 1. HP: 18/18 MP: 1/1
   103 | D:1      | Reached XP level 2. HP: 24/24 MP: 2/2
   375 | D:1      | Reached XP level 3. HP: 22/29 MP: 3/3
  1287 | D:2      | Reached XP level 4. HP: 33/37 MP: 4/4
  1641 | D:2      | Found a faded altar of an unknown god.
  1926 | D:2      | Reached XP level 5. HP: 35/42 MP: 5/5
  2144 | D:3      | Noticed Ijyb
  2163 | D:3      | Killed Ijyb
  2308 | D:3      | Found a shimmering blue altar of Sif Muna.
  2317 | D:3      | Found a burning altar of Makhleb.
  2324 | D:3      | Found a snail-covered altar of Cheibriados.
  2477 | D:3      | Found a bloodstained altar of Trog.
  3529 | D:4      | Reached XP level 6. HP: 48/48 MP: 6/6
  3544 | D:4      | Noticed a black bear
  3548 | D:4      | Killed a black bear
  3733 | D:4      | Found an opulent altar of Gozag.
  3820 | D:4      | Found a radiant altar of Vehumet.
  3898 | D:4      | Found a white marble altar of Elyvilon.
  4064 | D:4      | Found a glowing silver altar of Zin.
  4139 | D:5      | Entered Level 5 of the Dungeon
  4177 | D:5      | Noticed an ogre
  4185 | D:5      | HP: 2/49 [ogre/+0 giant club (11)]
  4186 | D:5      | Demolished by an ogre

Illustrated notes

Levels and vault maps discovered:
D:1:      mushboom_english_gardens, layout_basic, minmay_hexomino_f4
D:2:      layout_loops_ring, shapermc_ecumenical_altar_mp_ritualfount
D:3:      layout_loops_corners, gammafunk_temple_overflow_forgotten,
          nicolae_overflow_crystal_walls, uniq_ijyb
D:4:      layout_cave_pools, lemuel_crystal_altar, general_overflow_altar,
          elyvilon_altar_1, vehumet_statue
D:5:      layout_cave_pools, uniq_edmund

Skill      XL: |  1  2  3  4  5 |
---------------+----------------+-----
Shields        | 4 |  4.9
Axes           | 3 4 |  4.5
Fighting       | 4 |  4.6
Armour         | 4 |  4.5

Action                   |  1- 3 |  4- 6 || total
-------------------------+-------+-------++-------
Melee: War axe           |   106 |   215 ||   321
  Use: Scroll            |     3 |       ||     3
Armor: Scale mail        |    18 |       ||    18
       Chain mail        |    46 |    21 ||    67
       Plate armour      |       |   132 ||   132
Dodge: Dodged            |    27 |    74 ||   101
Block: Kite shield       |    64 |    14 ||    78
       Buckler           |       |    37 ||    37

Table legend: (Time is in decaauts)
 A = Elapsed time spent in this place.
 B = Non-inter-level travel time spent in this place.
 C = Inter-level travel time spent in this place.
 D = Time resting spent in this place.
 E = Time spent auto-exploring this place.
 F = Levels seen in this place.
 G = Mean time per level.
                   A        B        C        D        E       F      G
               +--------+--------+--------+--------+--------+-----+--------+
         Total |   4315 |   4150 |    165 |    178 |   3073 |   5 |  863.0 |
       Dungeon |   4315 |   4150 |    165 |    178 |   3073 |   5 |  863.0 |
               +--------+--------+--------+--------+--------+-----+--------+

Top non-repeatable levels by time:
     D:3: 1433 daAuts
     D:1: 1280 daAuts
     D:2: 907 daAuts
     D:4: 644 daAuts
     D:5: 49 daAuts
